 Dungeon Crawl Stone Soup version 0.26.0-45-g9c1d065592 (webtiles) character file.

Game seed: 871582566560542142

(classic levelgen) 28688 thiole the Fighter (level 13, -10/135 HPs)
             Began as an Octopode Hedge Wizard on Jan 31, 2021.
             Was an Initiate of Gozag.
             Mangled by a 12-headed hydra (16 damage)
             ... on level 3 of the Lair of Beasts.
             The game lasted 01:21:55 (21232 turns).

thiole the Fighter (Octopode Hedge Wizard)         Turns: 21232, Time: 01:21:56

Health: -10/135    AC:  3    Str: 10    XL:     13   Next: 40%
Magic:  34/34      EV: 21    Int: 27    God:    Gozag
Gold:   672        SH:  4    Dex: 11    Spells: 7/28 levels left

rFire    + . .     SeeInvis .   e - +10 falchion of the Wasp {elec, *Drain rC+ Will+++ Int+6}
rCold    + + .     Faith    .   t - +0 buckler
rNeg     + . .     Spirit   .   b - +2 hat
rPois    .         Reflect  .   q - amulet of magic regeneration
rElec    .         Harm     .   o - ring of flight
rCorr    +         Rampage  .   C - ring of protection from cold
Will     +++..                  p - ring of resist corrosion
Stlth    ..........             z - +4 ring of evasion
HPRegen  0.32/turn              A - ring of magical power
MPRegen  0.49/turn              d - ring of positive energy
                                y - ring of fire
                                c - ring of protection from cold

@: brilliant, berserking, hasted, very quick
A: almost no armour, stealthy swim, amphibious, 8 rings, constrict 8, antennae
1, camouflage 1, gelatinous body 1, MP-powered wands
a: Renounce Religion, Evoke Flight, Potion Petition, Call Merchant, Bribe Branch


You were on level 3 of the Lair of Beasts.
You worshipped Gozag.
Gozag was pleased with you.
You visited 2 branches of the dungeon, and saw 14 of its levels.
You also visited: Sewer, Ossuary and Ice Cave.

You collected 4742 gold pieces.
You spent 1950 gold pieces at shops.
You paid 2120 gold pieces to Gozag.

Inventory:

Hand Weapons
 a - a +0 dagger
 e - the +10 falchion of the Wasp (weapon) {elec, *Drain rC+ Will+++ Int+6}
   (You found it on level 4 of the Dungeon)

   Occasionally, upon striking a foe, it can discharge electrical energy and
   cause terrible harm.
   It affects your intelligence (+6).
   It protects you from cold.
   It affects your willpower, your defense against some magical effects.
   It causes draining when unequipped.
 I - the +9 spear of the Howling Priest {pain, Dex+3 SInv Stlth-, unknown}
   (You found it on level 1 of the Lair of Beasts)

   In the hands of one skilled in necromantic magic, it inflicts extra damage on
   living creatures.
   It affects your dexterity (+3).
   It lets you see invisible.
   It makes you less stealthy.
 K - a +5 short sword of draining
Armour
 b - a +2 hat (worn)
 t - a +0 buckler (worn)
Magical Staves
 M - an uncursed staff of cold
Jewellery
 c - a ring of protection from cold (on tentacle)
 d - a ring of positive energy (on tentacle)
 o - a ring of flight (left tentacle)
 p - a ring of resist corrosion (on tentacle)
 q - an amulet of magic regeneration (around mantle)
 y - a ring of fire (on tentacle)
 z - a +4 ring of evasion (on tentacle)
 A - a ring of magical power (on tentacle)
 C - a ring of protection from cold (right tentacle)
 E - an uncursed amulet of guardian spirit
Wands
 i - a wand of random effects (46)
 k - a wand of disintegration (5)
 s - a wand of iceblast (33)
 B - a wand of acid (12)
 G - a wand of flame (15)
 J - a wand of polymorph (6)
Scrolls
 f - 9 scrolls of amnesia
 g - 9 scrolls of fog
 h - 3 scrolls of enchant weapon
 l - 8 scrolls of teleportation
 m - 6 scrolls of remove curse
 n - 2 scrolls of identify
 F - a scroll of brand weapon
 L - a scroll of magic mapping
Potions
 j - 3 potions of attraction
 r - a potion of mutation
 v - 2 potions of lignification
 w - a potion of might
 x - 2 potions of flight
 D - a potion of heal wounds
 H - 3 potions of ambrosia


   Skills:
 - Level 9.0 Fighting
 - Level 7.0 Long Blades
 - Level 9.0 Dodging
 - Level 5.0 Stealth
 - Level 4.0 Shields
 + Level 8.3 Spellcasting
 - Level 4.0 Conjurations
 - Level 3.0 Hexes
 - Level 2.0 Summonings
 - Level 1.0 Translocations
 - Level 7.0 Transmutations
 - Level 6.0 Air Magic
 - Level 7.0 Earth Magic
 - Level 2.0 Poison Magic
 - Level 6.7 Evocations


You had 7 spell levels left.
You knew the following spells:

 Your Spells              Type           Power        Failure   Level
a - Magic Dart            Conj           100%         1%          1
b - Call Imp              Summ           33%          3%          2
c - Blink                 Tloc           N/A          4%          2
d - Mephitic Cloud        Conj/Pois/Air  49%          3%          3
e - Dazzling Flash        Conj/Hex       90%          3%          3
f - Statue Form           Tmut/Erth      43%          41%         6
g - Summon Lightning Spi  Summ/Air       49%          10%         4

Your spell library contained the following spells:

 Spells                   Type           Power        Failure   Level
 Searing Ray              Conj           98%          1%          2
 Slow                     Hex            41%          2%          2
 Conjure Flame            Conj/Fire      49%          7%          3
 Leda's Liquefaction      Hex/Erth       27%          7%          4
 Fulminant Prism          Conj/Hex       22%          12%         4
 Iskenderun's Mystic Bla  Conj/Tloc      37%          19%         4
 Silence                  Hex/Air        26%          22%         5
 Bolt of Magma            Conj/Fire/Erth 31%          32%         5
 Iron Shot                Conj/Erth      28%          63%         6
 Conjure Ball Lightning   Conj/Air       27%          71%         6
 Shatter                  Erth           32%          100%        9
 Tornado                  Air            30%          100%        9


Dungeon Overview and Level Annotations

Branches:
Dungeon (10/15)            Temple (0/1) D:6            Lair (4/6) D:9
 Spider (0/4) Lair:2          Orc (0/2) D:10          Sewer (visited)
Ossuary (visited)           IceCv (visited)
  Swamp: Lair:2-4    Shoals: Lair:2-4

Altars:
Ashenzari
Cheibriados
Dithmenos
Elyvilon
Fedhas
Gozag
Hepliaklqana
Trog
Uskayaw
Xom
Yredelemnul
Zin

Shops:
D:8 ?   D:9 :

Annotations:
D:8 1 runed translucent door, qqq123's ghost, novice GrFi
D:10 2 runed translucent doors
Lair:2 exclusion: 4 oklob plants
Lair:3 1 runed translucent door, Fuxod's ghost, journeyman GnWn


Innate Abilities, Weirdness & Mutations

You cannot wear most types of armour.
You are very stealthy in the water. (Stealth+)
You are amphibious.
You can wear up to eight rings at the same time.
You can use your tentacles to constrict eight enemies at once.
Your skin changes colour to match your surroundings (Stealth+).
Your rubbery body absorbs attacks. (AC +1, EV +1)
You have a pair of small antennae on your head.
You expend magic power (3 MP) to strengthen your wands.


Message History

You squeeze the 11-headed hydra!
The 11-headed hydra is moderately wounded.
You lop one of the 11-headed hydra's heads off!
The ten-headed hydra grows two more!
You slash the 12-headed hydra!
The 12-headed hydra is heavily wounded.
The 12-headed hydra barely misses you. The 12-headed hydra bites you.
The 12-headed hydra misses you. The 12-headed hydra bites you!
* * * LOW HITPOINT WARNING * * *
You block the 12-headed hydra's attack. The 12-headed hydra bites you.
* * * LOW HITPOINT WARNING * * *
The 12-headed hydra bites you!
* * * LOW HITPOINT WARNING * * *
The 12-headed hydra bites you!
* * * LOW HITPOINT WARNING * * *
The 12-headed hydra completely misses you.
The 12-headed hydra closely misses you.
The 12-headed hydra bites you but does no damage.
The 12-headed hydra bites you!
You die...
Your body crumbles into a pile of gold.

###.# ##..# #...# #...#
### ##.### ######..##
###.. ##.## #..P##...#
#.#.. ###...#
#........## ##....
#...### ##.........##
#..... ##....#
##...........#######....
#..#.##
#............[...# #....
#.#..#
##....$@........## #....
#....##
#.....$D.....P...###....
##....##
###...##..#..##.........
#.....P#
#P....##P########.......
.......###...######
##...... ......###...##
#P..... #.....##...##
##.##..
#.........##########
#####.
##........#....P.#.###
##


You could see a 12-headed hydra.

Vanquished Creatures
  Fannar (Lair:3)
  2 ice dragons (IceCv)
  2 two-headed ogres
  Sonja (D:10)
  A black mamba (Lair:3)
  2 ice statues (IceCv)
  Maurice (D:8)
  9 cane toads
  A rime drake (IceCv)
  5 komodo dragons
  2 ice devils (Lair:2)
  2 jumping spiders (Lair:2)
  Prince Ribbit (D:6)
  3 blink frogs (Lair:3)
  2 redbacks (Lair:2)
  A steam dragon (Lair:3)
  A basilisk (Lair:1)
  6 yaks (D:10)
  The ghost of kaeus the Stinger, an amateur OpVM (D:3)
  7 water moccasins
  9 ice beasts
  A black bear (D:7)
  A sky beast (D:10)
  Purgy (Sewer)
  2 necrophages
  A phantom (D:9)
  5 ogres
  An orc warrior (D:9)
  The ghost of Gadfly the Skirmisher, an amateur HOMo of Beogh (D:4)
  6 wolves (Lair:3)
  7 centaurs
  An elf zombie (Ossuary)
  7 gnoll sergeants
  9 bullfrogs
  3 scorpions
  4 wights (D:10)
  3 killer bees (D:9)
  4 vampire bats (D:6)
  5 howler monkeys
  A centaur skeleton (D:4)
  7 hounds
  4 jellies
  7 orc priests
  3 gnoll shamans (D:7)
  8 orc wizards
  Jessica (D:3)
  Terence (D:3)
  3 iguanas
  Natasha (twice) (D:3)
  7 worker ants
  A big kobold zombie (Ossuary)
  2 hound skeletons
  A mummy (D:6)
  A worker ant zombie (D:10)
  40 gnolls
  11 adders
  A howler monkey skeleton (D:7)
  A river rat (D:6)
  A shadow imp (D:5)
  2 white imps
  4 ufetubi
  2 oozes
  An adder zombie (D:4)
  An adder skeleton (D:7)
  2 worms
  4 leopard geckos
  32 orcs
  10 bats
  7 giant cockroaches
  13 goblins
  3 hobgoblins (D:3)
  19 jackals
  8 quokkas
  10 frilled lizards
  8 hobgoblin zombies (Ossuary)
  A jackal skeleton (D:6)
  2 kobolds (D:3)
  5 kobold zombies (Ossuary)
  A leopard gecko skeleton (D:4)
  3 orc zombies (Ossuary)
  11 rats
  2 rat zombies (Ossuary)
376 creatures vanquished.

Vanquished Creatures (collateral kills)
  Snorg (Lair:3)
  Erolcha (D:10)
  A two-headed ogre (D:8)
  A rime drake (IceCv)
  A redback (Lair:2)
  A water moccasin (D:10)
  7 ice beasts (IceCv)
  A necrophage (D:7)
  A phantom (D:4)
  3 ogres
  An elf zombie (Ossuary)
  Natasha (D:3)
  2 worker ants
  2 big kobold zombies (Ossuary)
  2 mummies (Ossuary)
  2 adders
  A gnoll (D:5)
  An ooze (D:7)
  2 adder zombies (Ossuary)
  A worm (D:2)
  A leopard gecko (D:2)
  A jackal (D:3)
  A goblin zombie (Ossuary)
  4 hobgoblin zombies (Ossuary)
  2 kobold zombies (Ossuary)
  4 orc zombies (Ossuary)
46 creatures vanquished.

Vanquished Creatures (others)
  18 fungi
  68 plants
  2 withered plants (D:8)
88 creatures vanquished.

Grand Total: 510 creatures vanquished

Notes
Turn   | Place    | Note
-------+----------+-------------------------------------------
     0 | D:1      | thiole the Octopode Hedge Wizard began the quest for the
                  | Orb.
     0 | D:1      | Reached XP level 1. HP: 11/11 MP: 4/4
   114 | D:1      | Reached XP level 2. HP: 11/17 MP: 0/6
   481 | D:1      | Found a shimmering altar of Xom.
   710 | D:1      | Reached XP level 3. HP: 16/21 MP: 0/7
  1096 | D:2      | Found an opulent altar of Gozag.
  1120 | D:2      | Became a worshipper of Gozag Ym Sagoz the Greedy
  1145 | D:2      | Learned a level 2 spell: Call Imp
  1473 | D:2      | Reached skill level 1 in Fighting
  1983 | D:3      | Learned a level 2 spell: Blink
  1987 | D:3      | Learned a level 3 spell: Mephitic Cloud
  2060 | D:3      | Reached XP level 4. HP: 28/28 MP: 1/8
  2167 | D:3      | Noticed Jessica
  2170 | D:3      | Killed Jessica
  2276 | D:3      | Found a transporter.
  2276 | D:3      | Noticed kaeus's ghost (amateur OpVM)
  2287 | D:3      | Found a transporter.
  2294 | D:3      | Noticed Natasha
  2303 | D:3      | Killed Natasha
  2601 | D:3      | Reached XP level 5. HP: 34/34 MP: 5/9
  2856 | D:3      | Noticed Natasha
  2906 | D:3      | Killed Natasha
  2907 | D:3      | Reached skill level 5 in Stealth
  3327 | D:3      | Noticed Terence
  3336 | D:3      | Killed Terence
  3337 | D:3      | Reached skill level 1 in Air Magic
  3342 | D:3      | Noticed Natasha
  3349 | D:3      | Killed Natasha
  3350 | D:3      | Reached skill level 1 in Poison Magic
  3350 | D:3      | Reached XP level 6. HP: 11/39 MP: 10/10
  4048 | D:4      | Found a runed translucent gate.
  4048 | D:4      | Found a runed translucent gate.
  4049 | D:4      | Found a runed translucent gate.
  4053 | D:4      | Noticed Gadfly's ghost (amateur HOMo)
  4065 | D:4      | Found a broken altar of Ashenzari.
  4066 | D:4      | Found a glowing silver altar of Zin.
  4066 | D:4      | Found a basalt altar of Yredelemnul.
  4075 | D:4      | Found a sand-covered staircase.
  4079 | D:4      | Noticed a phantom
  4084 | Ossuary  | Entered an ossuary
  4852 | Ossuary  | Reached XP level 7. HP: 5/48 MP: 3/11
  5823 | D:4      | Got a crystal falchion
  5824 | D:4      | Identified the +10 falchion of the Wasp {elec, *Drain rC+
                  | Will+++ Int+6} (You found it on level 4 of the Dungeon)
  5989 | D:4      | Reached skill level 1 in Long Blades
  6349 | D:3      | Killed kaeus's ghost
  6717 | D:5      | Entered Level 5 of the Dungeon
  6717 | D:5      | Found a bloodstained altar of Trog.
  6771 | D:5      | Reached XP level 8. HP: 54/54 MP: 9/12
  6877 | D:5      | Found a shadowy altar of Dithmenos.
  6877 | D:5      | Noticed a shadow
  6878 | D:5      | Found a hazy altar of Hepliaklqana.
  7274 | D:6      | Reached skill level 5 in Long Blades
  7399 | D:6      | Found a glowing drain.
  7403 | Sewer    | Entered a sewer
  7578 | Sewer    | Noticed Purgy
  7602 | Sewer    | Killed Purgy
  8148 | D:6      | Found a staircase to the Ecumenical Temple.
  8345 | D:6      | Reached skill level 5 in Dodging
  8345 | D:6      | Reached XP level 9. HP: 58/58 MP: 15/15
  8354 | D:6      | Noticed Prince Ribbit
  8362 | D:6      | Killed Prince Ribbit
  8363 | D:6      | Reached skill level 5 in Spellcasting
  8440 | D:6      | Found a snail-covered altar of Cheibriados.
  9085 | D:7      | Reached skill level 5 in Fighting
  9885 | D:7      | Reached skill level 1 in Transmutations
 10024 | D:7      | Reached XP level 10. HP: 70/71 MP: 19/19
 10642 | D:4      | Killed Gadfly's ghost
 10718 | D:8      | Learned a level 3 spell: Dazzling Flash
 10723 | D:8      | Noticed Maurice
 10766 | D:8      | Killed Maurice
 10767 | D:8      | Reached skill level 1 in Hexes
 10952 | D:8      | Noticed a two-headed ogre
 10965 | D:8      | Killed a two-headed ogre
 11110 | D:8      | Noticed a +0 dagger
 11113 | D:8      | Noticed a +0 hand axe
 11120 | D:8      | Noticed a two-headed ogre
 11123 | D:8      | Found a hide-covered altar of Uskayaw.
 11550 | D:8      | Gained mutation: Your magical capacity is low. (-10% MP)
                  | [potion of mutation]
 11550 | D:8      | Gained mutation: You are strong-willed. (Will+) [potion of
                  | mutation]
 11551 | D:8      | Lost mutation: You are strong-willed. (Will+) [potion of
                  | mutation]
 11551 | D:8      | Lost mutation: Your magical capacity is low. (-10% MP)
                  | [potion of mutation]
 11551 | D:8      | Gained mutation: You have a pair of small antennae on your
                  | head. [potion of mutation]
 11551 | D:8      | Gained mutation: You expend magic power (3 MP) to
                  | strengthen your wands. [potion of mutation]
 11593 | D:8      | Found Doeb Feekata's Magic Scroll Boutique.
 11728 | D:8      | Killed a two-headed ogre
 11905 | D:8      | Found a runed translucent door.
 11909 | D:8      | Noticed qqq123's ghost (novice GrFi)
 12064 | D:8      | Found a blossoming altar of Fedhas.
 12422 | D:9      | Reached skill level 1 in Shields
 13255 | D:9      | Found a white marble altar of Elyvilon.
 13311 | D:9      | Found a staircase to the Lair.
 13525 | D:9      | Reached XP level 11. HP: 75/75 MP: 20/20
 13637 | D:9      | Reached skill level 5 in Air Magic
 13637 | D:9      | Reached XP level 12. HP: 84/84 MP: 21/21
 13720 | D:10     | Entered Level 10 of the Dungeon
 13724 | D:10     | Found a runed translucent door.
 13724 | D:10     | Noticed an ice dragon
 13727 | D:10     | Noticed a fire dragon
 13727 | D:10     | Noticed an ice dragon
 13728 | D:10     | Found the +2 shield of Resistance {rF++ rC++ Will++}
 13742 | D:10     | Noticed a fire dragon
 13766 | D:10     | Reached skill level 1 in Evocations
 13918 | D:10     | Found a runed translucent door.
 13954 | D:10     | Found a white marble altar of Elyvilon.
 13965 | D:10     | Found a staircase to the Orcish Mines.
 13999 | D:10     | Noticed Sonja
 14036 | D:10     | Killed Sonja
 14448 | D:10     | Noticed Erolcha
 14450 | D:10     | Reached skill level 5 in Evocations
 14461 | D:10     | Killed Erolcha
 14594 | D:10     | Noticed a two-headed ogre
 14617 | D:10     | Killed a two-headed ogre
 15267 | D:9      | Bought a book of the Earth for 975 gold pieces
 15267 | D:9      | Bought a book of the Sky for 975 gold pieces
 15274 | D:9      | Learned a level 6 spell: Statue Form
 15279 | D:9      | Learned a level 4 spell: Summon Lightning Spire
 15282 | Lair:1   | Entered Level 1 of the Lair of Beasts
 15412 | Lair:1   | Got an ichor-stained spear
 15535 | Lair:1   | Reached skill level 1 in Earth Magic
 16567 | Lair:2   | Found a frozen archway.
 16727 | IceCv    | Entered an ice cave
 17685 | IceCv    | Noticed an ice dragon
 17686 | IceCv    | Noticed an ice dragon
 17728 | IceCv    | Killed an ice dragon
 17950 | IceCv    | Killed an ice dragon
 17951 | IceCv    | Reached skill level 5 in Earth Magic
 17951 | IceCv    | Reached XP level 13. HP: 31/90 MP: 25/25
 18975 | Lair:2   | Found a hole to the Spider Nest.
 19761 | Lair:3   | Noticed Fannar
 19768 | Lair:3   | Killed Fannar
 20508 | Lair:3   | Found a runed translucent door.
 20607 | Lair:3   | Noticed Fuxod's ghost (journeyman GnWn)
 20618 | Lair:3   | Identified the cursed +0 trident "Manteluf" {freeze, Int+3}
 20712 | Lair:3   | Noticed Snorg
 20723 | Lair:3   | Killed Snorg
 21232 | Lair:3   | HP: 6/135 [12-headed hydra (11)]
 21232 | Lair:3   | Mangled by a 12-headed hydra

Illustrated notes

Levels and vault maps discovered:
D:1:      eino_arrival_tree_alley, layout_basic, xom_teletrap_fun
D:2:      layout_basic, nicolae_gozag_cash_rules_everything_around_me
D:3:      cheibrodos_old_hovel, layout_loops_corners, gammafunk_ghost_arena,
          serial_forest, infiniplex_forest_clump_long,
          infiniplex_forest_lined_3_way, infiniplex_forest_clump_curved,
          infiniplex_forest_end_2, infiniplex_forest_clump_medium, uniq_jessica,
          uniq_natasha, uniq_terence
D:4:      layout_gridville, chequers_temple_overflow_statue_of_worship,
          nicolae_ossuary_entry_ruins, gammafunk_ghost_necromancy
D:5:      layout_gridville, bloody_trog, riverfiend_overflow_shadow_ancestor,
          st_stairs_11, corexii_leaking_fountain
D:6:      layout_loops_ring, slow_altar_2, temple_pool_b,
          gup_sewer_entry_spiral, roderic_batcave, uniq_prince_ribbit1
D:7:      layout_cave_pools, serial_gnoll_camp, gnoll_camp_mini_hut,
          gnoll_camp_mini_hut, gnoll_camp_mini_house, gnoll_camp_huts_basic,
          gnoll_camp_medium_01
D:8:      layout_loops_cross, dancing_weapons_uskayaw, gammafunk_ghost_grave,
          serial_shops, shop, fedhas_altar_3, uniq_maurice
D:9:      layout_stronghold, kennysheep_mini_moat, david_lair_shrubbed
D:10:     layout_irregular_city, orc_0_dummy, basic_altar,
          minmay_guarded_unrand_resistance, uniq_erolcha, uniq_sonja
Lair:1:   layout_regular_city, small_statue_intersection, ldierk_geyser,
          st_stairs_9, serial_bayou_lagoon_a, serial_bayou_shore_b
Lair:2:   layout_chaotic_city, spider_nest_entry_funnel_web,
          portal_ice_cave_demonic_guard, grunt_forest_small_clearing_treed,
          minmay_lair_oklob_chamber
Lair:3:   layout_cave_pods, ebering_ghost_funeral_grove, uniq_fannar, uniq_snorg
Lair:4:   layout_gridlike, elwin_shoals_entry_rooms, basic_altar,
          chequers_serial_rivers_small_a, cheibrodos_lair_lostbears,
          grunt_megastairs_2

Skill      XL: |  1  2  3  4  5  6  7  8  9 10 11 12 13 |
---------------+----------------------------------------+-----
Conjurations   | 2 3 4 |  4.0
Fighting       | 1 2 4 7 8 9 |  9.0
Summonings     | 2 |  2.0
Stealth        | 4 5 |  5.0
Air Magic      | 2 5 6 |  6.0
Poison Magic   | 1 2 |  2.0
Dodging        | 4 5 6 8 9 |  9.0
Long Blades    | 3 6 7 |  7.0
Spellcasting   | 4 6 8 |  8.3
Transmutations | 2 4 6 7 |  7.0
Hexes          | 3 |  3.0
Shields        | 4 |  4.0
Evocations     | 6 |  6.7
Earth Magic    | 5 7 |  7.0
Translocations | |  1.0

Action                   |  1- 3 |  4- 6 |  7- 9 | 10-12 | 13-15 || total
-------------------------+-------+-------+-------+-------+-------++-------
Melee: Dagger            |    22 |   127 |     7 |       |       ||   156
       Constrict         |     6 |    27 |    36 |    41 |    20 ||   130
       Tentacles         |     3 |    27 |    19 |    64 |    25 ||   138
       Falchion          |       |       |   144 |   338 |   103 ||   585
 Cast: Magic Dart        |    67 |    70 |   202 |   175 |    50 ||   564
       Call Imp          |     8 |    34 |    40 |    42 |     4 ||   128
       Mephitic Cloud    |       |       |     7 |    37 |       ||    44
       Summon Lightning  |       |       |       |     6 |     3 ||     9
Invok: Potion Petition   |       |       |       |     3 |     1 ||     4
       Call Merchant     |       |       |       |     1 |       ||     1
Evoke: Wand              |       |       |       |     1 |     5 ||     6
  Use: Scroll            |     5 |     2 |     9 |    13 |     3 ||    32
       Potion            |       |     2 |     3 |    22 |     1 ||    28
 Stab: Sleeping          |       |     5 |    16 |     7 |     1 ||    29
       Distracted        |       |     1 |     1 |     1 |     2 ||     5
       Confused          |       |       |    10 |     7 |       ||    17
Armor: Skin              |     1 |     4 |     2 |    32 |     3 ||    42
Dodge: Dodged            |    26 |    45 |   125 |   234 |    83 ||   513
Block: Buckler           |       |       |       |    36 |    23 ||    59
       Rpst.: Falchion   |       |       |    30 |    70 |    13 ||   113
